 Dungeon Crawl Stone Soup version 0.30-a0-1114-gd936c97349 (webtiles) character file.

Game seed: 17702389817909758457

329 Aneyh the Trooper (level 6, -3/40 HPs)
             Began as a Tengu Fighter on Apr 20, 2023.
             Slain by a bullfrog (4 damage)
             ... in a sewer.
             The game lasted 00:06:52 (3040 turns).

Aneyh the Trooper (Tengu Fighter)                   Turns: 3040, Time: 00:06:53

Health: -3/40      AC:  8    Str: 19    XL:     6   Next: 51%
Magic:  7/7        EV: 10    Int:  8    God:
Gold:   227        SH:  4    Dex: 13    Spells: 5/5 levels left

rFire   . . .      SeeInvis .    l - +0 trident
rCold   . . .      Faith    .    c - +0 buckler
rNeg    . . .      Spirit   .    b - +0 scale mail
rPois   .          Reflect  .    (helmet restricted)
rElec   .          Rampage  .    i - +0 cloak
rCorr   .                        (no gloves)
Will    .....                    (boots unavailable) Stlth
                                 (no amulet)
HPRegen 0.26/turn                (no ring)
MPRegen 0.10/turn                (no ring)

@: mighty, attractive, flying quickly and evasively, quick
A: beak, talons 3, nimble flight
a: no special abilities


You were in a sewer.
You visited 1 branch of the dungeon, and saw 4 of its levels.
You also visited: Sewer.

You collected 227 gold pieces.

Inventory:

Hand Weapons
 a - a +0 flail
 l - a +0 trident (weapon)
 m - a +0 glaive
Missiles
 e - 8 poisoned darts (quivered)
 q - 3 javelins
Armour
 b - a +0 scale mail (worn)
 c - a +0 buckler (worn)
 i - a +0 cloak (worn)
Scrolls
 f - 2 scrolls of poison
 h - a scroll of amnesia {unknown}
 k - 4 scrolls of identify {unknown}
 n - a scroll of vulnerability {unknown}
 p - a scroll of enchant weapon {unknown}
Potions
 g - a potion of resistance {unknown}
 j - 2 potions of curing


   Skills:
 * Level 5.3 Fighting
 - Level 2.1 Maces & Flails
 + Level 2.8 Polearms
 + Level 5.1 Armour
 - Level 3.0 Shields


You had 5 spell levels left.
You didn't know any spells.
Your spell library contained the following spells:

 Spells                   Type           Power      Damage    Failure   Level
 Apportation              Tloc           0%         N/A       85%         1
 Inner Flame              Hex/Fire       0%         N/A       99%         3
 Alistair's Intoxication  Tmut/Pois      0%         N/A       100%        5
 Yara's Violent Unravell  Hex/Tmut       0%         3d3       100%        5
 Enfeeble                 Hex            0%         N/A       100%        7


Dungeon Overview and Level Annotations

Branches:
Dungeon (4/15)              Sewer (1/1)
 Temple: D:4-7

Altars:
Vehumet
Yredelemnul


Innate Abilities, Weirdness & Mutations

You have a beak for a mouth.
You have claws for feet.
Your magical nature lets you fly swiftly and evasively.


Message History

You see here a ball python corpse.
The bullfrog attacks as you move away! The bullfrog closely misses you.
You closely miss the bullfrog. Your kick misses the bullfrog.
The bullfrog is moderately wounded.
You feel sick.
You are no longer poisoned.
The bullfrog hits you.
* * * LOW HITPOINT WARNING * * *
You block the bullfrog's attack.
The bullfrog hits you but does no damage.
The bullfrog hits you.
* * * LOW HITPOINT WARNING * * *
Okay, then.
The air fills with toxic fumes!
As you read the scroll labelled SETUMM MIDU, it crumbles to dust.
It was a scroll of poison.
The bullfrog snags a nearby blue-tailed skink with its tongue.
You block the bullfrog's attack. The bullfrog closely misses you.
The bullfrog hits you.
* * * LOW HITPOINT WARNING * * *
Unknown command.
It was a potion of curing.
You feel better. You block the bullfrog's attack. x2
The bullfrog closely misses you.
You feel very mighty all of a sudden.
The bullfrog hits you but does no damage.
The bullfrog closely misses you. The bullfrog hits you.
You barely miss the bullfrog. Your kick misses the bullfrog.
The bullfrog is moderately wounded.
The bullfrog barely misses you.
The bullfrog releases a deep croak.
The bullfrog hits you.
* * * LOW HITPOINT WARNING * * *
The bullfrog hits you.
* * * LOW HITPOINT WARNING * * *
It was a potion of attraction.
You feel attractive to monsters. The bullfrog closely misses you.
The bullfrog hits you.
* * * LOW HITPOINT WARNING * * *
The bullfrog hits you.
You die...

#~~~#~~~~.~~..~~#~~~#.∩#
#~.##~~.#####~§§##~~#~.#
#~~#~†~## ##~§§#.~##†##
~~~#~.## ##§§#~..#~.#
~~##~.# #§§###~#.~#
~~#~~##≈≈~~~~≈##§§§#†#~~#
~~#~~# ≈~~~~~~ #§§§#~#††#
~~#~~# ≈~.~~B~ #§§§#~#~~#
†~#~~# ~.).~~~ #@§##~#~~#
.~#.~# ~.!?~~~ #FF#.~#~~#
~~#~~# ~.)($~. #Bl#~~#~~#
..#~†##≈~.:~.S##S§#~.~.~#
~~##†~#≈~~.~B.~☼§§#~~~.~#
~~.#.~##≈~~~~..§###~~.~~#
#.~#~~~##≈~~~~###~#######
#~~##.~~#######~.~~~#
#~.~#~~.~~~~.~.†~..~#


You could see 2 bullfrogs, a giant cockroach, a ball python and a frilled
lizard.

Vanquished Creatures
  A black bear (D:4)
  An orc priest (D:3)
  9 adders
  2 worms (D:4)
  3 dart slugs
  8 orcs (D:3)
  16 ball pythons
  11 endoplasms
  11 giant cockroaches
  6 goblins
  7 hobgoblins
  5 kobolds
  10 quokkas
  3 bats
  8 frilled lizards
  9 rats
110 creatures vanquished.

Vanquished Creatures (others)
  A plant (D:1)
1 creature vanquished.

Grand Total: 111 creatures vanquished

Notes
Turn   | Place    | Note
-------+----------+-------------------------------------------
     0 | D:1      | Aneyh the Tengu Fighter began the quest for the Orb.
     0 | D:1      | Reached XP level 1. HP: 14/14 MP: 2/2
   170 | D:1      | Reached XP level 2. HP: 18/19 MP: 3/3
   437 | D:1      | Found a faded altar of an unknown god.
   647 | D:2      | Reached XP level 3. HP: 24/24 MP: 4/4
   812 | D:2      | Reached XP level 4. HP: 29/29 MP: 5/5
  1705 | D:3      | Found a radiant altar of Vehumet.
  1938 | D:3      | Gained mutation: Your magical nature lets you fly swiftly
                  | and evasively. [Tengu growth]
  1938 | D:3      | Reached XP level 5. HP: 34/34 MP: 6/6
  1989 | D:3      | Reached skill level 1 in Polearms
  2133 | D:3      | Found a basalt altar of Yredelemnul.
  2605 | D:4      | Noticed a black bear
  2610 | D:4      | Reached skill level 5 in Fighting
  2615 | D:4      | Killed a black bear
  2616 | D:4      | Reached skill level 5 in Armour
  2616 | D:4      | Reached XP level 6. HP: 30/40 MP: 7/7
  2727 | D:4      | Found a glowing drain.
  2755 | Sewer    | Entered a sewer
  3040 | Sewer    | HP: 1/40 [bullfrog (5)]
  3040 | Sewer    | Slain by a bullfrog

Illustrated notes

Levels and vault maps discovered:
D:1:      minmay_arrival_plants_in_alcoves, layout_loops_ring,
          dilly_ecumenical_altar_fadedgnrine
D:2:      minmay_inner_zag, layout_basic
D:3:      layout_basic, nicolae_overflow_crystal_walls,
          overflow_temple_1_default
D:4:      layout_basic, cheibrodos_sewer_entry_bend,
          nicolae_shop_i_like_small_books_too, uniq_blork_the_orc
Sewer:    sewer_frog_island_02

Skill      XL: |  1  2  3  4  5 |
---------------+----------------+-----
Fighting       | 4 5 |  5.3
Armour         | 4 5 |  5.1
Polearms       | 2 |  2.8
Maces & Flails | |  2.1
Shields        | |  3.0

Action                     |  1- 3 |  4- 6 || total
---------------------------+-------+-------++-------
  Melee: Flail             |    64 |    27 ||    91
         Peck              |    10 |    20 ||    30
         Kick              |    11 |    34 ||    45
         Trident           |       |   158 ||   158
    Use: Potion            |       |     3 ||     3
         Scroll            |       |     1 ||     1
 Armour: Scale mail        |    26 |    74 ||   100
  Dodge: Dodged            |    35 |    76 ||   111
  Block: Buckler           |    10 |    29 ||    39

Table legend: (Time is in decaauts)
 A = Elapsed time spent in this place.
 B = Non-inter-level travel time spent in this place.
 C = Inter-level travel time spent in this place.
 D = Time resting spent in this place.
 E = Time spent auto-exploring this place.
 F = Levels seen in this place.
 G = Mean time per level.
                   A        B        C        D        E       F      G
               +--------+--------+--------+--------+--------+-----+--------+
         Total |   3026 |   2926 |    100 |     40 |   2182 |   5 |  605.2 |
       Dungeon |   2739 |   2639 |    100 |     40 |   2057 |   4 |  684.8 |
         Sewer |    286 |    286 |      0 |      0 |    125 |   1 |  286.0 |
               +--------+--------+--------+--------+--------+-----+--------+

Top non-repeatable levels by time:
     D:2: 1006 daAuts
     D:3: 928 daAuts
     D:1: 632 daAuts
   Sewer: 286 daAuts
     D:4: 172 daAuts
